 Dungeon Crawl Stone Soup version 0.17.0-24-gcfadda4 (console) character file.

927 Kloppie the Ducker (level 8, -1/50 (52) HPs)
             Began as a Merfolk Ice Elementalist on Nov 17, 2015.
             Slain by an orc priest
             ... wielding a +0 hand axe
              (5 damage)
             ... on level 4 of the Dungeon.
             The game lasted 00:13:14 (5379 turns).

Kloppie the Ducker (Merfolk Ice Elementalist)       Turns: 5379, Time: 00:13:14

HP:   -1/50 (52)    AC: 15    Str:  9    XL:     8   Next: 10%
MP:   9/11          EV: 16    Int: 16    God:
Gold: 139           SH:  0    Dex: 14    Spells: 3 memorised, 3 levels left

rFire  . . .     SeeInvis +     r - +0 halberd
rCold  . . .     Clarity  .     i - +1 robe
rNeg   . . .     SustAt   .     (shield currently unavailable)
rPois  .         Gourm    .     s - +2 helmet {SInv}
rElec  .         Spirit   .     (no cloak)
rCorr  .         Warding  .     n - +2 pair of gloves
rMut   .         Stasis   .     (no boots)
MR     .....                    (no amulet)
Stlth  ++........               (no ring)
                                (no ring)

@: icy armour, not resistant to hostile enchantments, unstealthy
A: change form in water, swift swim
a: no special abilities


You were on level 4 of the Dungeon.
You were not hungry.

You visited 1 branch of the dungeon, and saw 7 of its levels.

You collected 139 gold pieces.

Inventory:

Hand Weapons
 o - a +3 dagger of protection
 r - a +0 halberd (weapon)
Armour
 h - a +0 ice dragon armour
 i - a +1 robe (worn)
 n - a +2 pair of gloves (worn)
 s - a +2 helmet of see invisible (worn)
Magical Staves
 k - an uncursed staff of cold
Scrolls
 d - 2 scrolls of identify
 f - 2 scrolls of noise
 l - 4 scrolls of teleportation
 m - 2 scrolls of remove curse
 q - a scroll of enchant weapon
Potions
 a - a potion of ambrosia
 e - a potion of mutation
 g - 2 potions of agility
 p - a potion of lignification
Books
 b - a book of Frost

   Spells                             Type                      Level
   a - Freeze                         Ice                          1
   b - Throw Frost                    Conjuration/Ice              2
   c - Ozocubu's Armour               Charms/Ice                   3
   d - Throw Icicle                   Conjuration/Ice              4
   e - Summon Ice Beast               Ice/Summoning                4
   f - Condensation Shield            Ice                          4
Comestibles
 c - 5 bread rations
 j - a meat ration


   Skills:
 + Level 1.5 Polearms
 - Level 7.2 Dodging
 - Level 2.1 Stealth
 - Level 2.0 Spellcasting
   Level 0.7 Conjurations
 - Level 5.0 Charms
 + Level 6.9 Ice Magic


You had 3 spell levels left.
You knew the following spells:

 Your Spells              Type           Power        Failure   Level  Hunger
a - Freeze                Ice            ###.         1%          1    #......
b - Ozocubu's Armour      Chrm/Ice       ###.....     8%          3    ###....
c - Condensation Shield   Ice            ###.......   14%         4    #####..


Dungeon Overview and Level Annotations

Branches:
Dungeon (7/15)             Temple (0/1) D:4

Altars:
Ashenzari
Dithmenos
Gozag
Ru
The Shining One

Shops:
D:7 [

Annotations:
D:7 Dowan


Message History

The orc wizard barely misses you. The orc hits you but does no damage.
The orc shouts!
You slash the orc wizard!
The orc wizard is almost dead.
The giant frog skeleton misses you.
The orc wizard mumbles some strange words.
The orc wizard flickers and vanishes for a moment.
The giant frog skeleton closely misses you.
The orc closely misses you.
You barely miss the orc wizard.
The orc wizard is almost dead.
The giant frog skeleton barely misses you.
The orc priest hits you with a hand axe!
* * * LOW HITPOINT WARNING * * *
The phantom hits you but does no damage.
The orc wizard misses you. The orc closely misses you.
The giant frog skeleton completely misses you.
The orc wizard hits you but does no damage.
The orc priest hits you with a hand axe.
You die...

.##...#..⌠.[...⌠..#....# .
.######.....8.....#....## #
......##._.###._.##.....###
# .......#####
######.#....... . ########
#........### # #...##...##
#. #........<.
#..##o)....#.##.
#.oo@W.....#.#
.....##oZ.?.### . .##
#.....# #.....# #.....#
#######


You could see a phantom, an orc priest, an orc wizard (invisible), 2 orcs and a
giant frog skeleton.

Vanquished Creatures
  A necrophage (D:7)
  2 ogres
  A centaur (D:3)
  3 giant frogs
  A crimson imp (D:7)
  A centaur skeleton (D:6)
  A jelly (D:7)
  A giant frog skeleton (D:6)
  4 worker ants (D:4)
  Robin (D:2)
  4 gnolls (D:4)
  3 adders
  3 worms (D:2)
  An adder skeleton (D:4)
  7 giant geckos
  4 orcs
  A ball python (D:4)
  3 bats
  3 giant cockroaches
  13 goblins
  10 hobgoblins
  8 kobolds
  2 quokkas
  A giant gecko skeleton (D:6)
  5 giant newts
  A quokka skeleton (D:7)
  9 rats
94 creatures vanquished.

Notes
Turn   | Place    | Note
--------------------------------------------------------------
     0 | D:1      | Kloppie the Merfolk Ice Elementalist began the quest for the Orb.
     0 | D:1      | Reached XP level 1. HP: 13/13 MP: 3/3
   341 | D:1      | Reached XP level 2. HP: 13/19 MP: 0/5
  1050 | D:1      | Reached skill level 4 in Ice Magic
  1168 | D:2      | Reached XP level 3. HP: 24/24 MP: 6/6
  1173 | D:2      | Learned a level 3 spell: Ozocubu's Armour
  1591 | D:2      | Found an opulent altar of Gozag.
  1609 | D:2      | Noticed Robin
  1942 | D:2      | Reached skill level 1 in Charms
  2067 | D:2      | Reached XP level 4. HP: 13/30 MP: 0/7
  2579 | D:2      | Killed Robin
  2713 | D:3      | Noticed a centaur
  2805 | D:3      | Killed a centaur
  2805 | D:3      | Reached skill level 5 in Ice Magic
  2805 | D:3      | Reached XP level 5. HP: 33/35 MP: 0/8
  2875 | D:3      | Learned a level 4 spell: Condensation Shield
  3173 | D:3      | You fall through a shaft for 3 floors!
  3187 | D:6      | Reached skill level 5 in Dodging
  3187 | D:6      | Reached XP level 6. HP: 33/41 MP: 2/9
  3357 | D:6      | Noticed an ogre
  3381 | D:6      | Noticed an orc warrior
  3382 | D:6      | Killed an ogre
  3403 | D:7      | Reached XP level 7. HP: 30/46 MP: 1/10
  3478 | D:7      | Noticed Dowan
  3529 | D:7      | Found Ara Uqel's Antique Armour Shop.
  3579 | D:7      | Reached skill level 6 in Dodging
  3982 | D:5      | Entered Level 5 of the Dungeon
  4025 | D:4      | Found a staircase to the Ecumenical Temple.
  4390 | D:4      | Found a shadowy altar of Dithmenos.
  4553 | D:4      | Reached skill level 7 in Dodging
  4770 | D:4      | Reached skill level 5 in Charms
  4770 | D:4      | Reached XP level 8. HP: 18/50 MP: 0/11
  5099 | D:4      | Found a shattered altar of Ashenzari.
  5099 | D:4      | Found a glowing golden altar of the Shining One.
  5114 | D:4      | Reached skill level 1 in Polearms
  5326 | D:4      | Found a sacrificial altar of Ru.
  5379 | D:4      | Slain by an orc priest

Action                   |  1- 3 |  4- 6 |  7- 9 || total
-------------------------+-------+-------+-------++-------
Melee: Unarmed           |     8 |       |       ||     8
       Dagger            |    78 |    55 |       ||   133
       Staff             |       |    37 |   110 ||   147
       Halberd           |       |       |    36 ||    36
 Cast: Freeze            |    46 |    31 |    45 ||   122
       Ozocubu's Armour  |       |     2 |     4 ||     6
  Use: Scroll            |       |     8 |     3 ||    11
 Stab: Sleeping          |     4 |     1 |     2 ||     7
  Eat: Chunk             |     4 |     5 |     7 ||    16
       Beef jerky        |       |       |     1 ||     1
